 Dungeon Crawl Stone Soup version 0.26.0-10-g1f06aea511 (webtiles) character file.

Game seed: 12308386703356130525

7550 Borgoz the Carver (level 11, -1/92 HPs)
             Began as a Ghoul Gladiator on Jan 30, 2021.
             Was an Elder of Dithmenos.
             Slain by an orc
             ... wielding a +0 trident
              (4 damage)
             ... in a bailey.
             The game lasted 00:24:36 (11652 turns).

Borgoz the Carver (Ghoul Gladiator)                Turns: 11652, Time: 00:24:36

Health: -1/92      AC: 15    Str: 19    XL:     11   Next: 17%
Magic:  11/11      EV: 15    Int:  4    God:    Dithmenos [****..]
Gold:   223        SH:  0    Dex: 19    Spells: 10/10 levels left

rFire    + + .     SeeInvis .   b - +2 dagger (drain)
rCold    + + .     Faith    .   (no shield)
rNeg     + + +     Spirit   .   q - +3 scale mail of the Sky {rF++ rC+ Regen+ Int-5}
rPois    ∞         Reflect  .   c - +1 helmet
rElec    .         Harm     .   r - scarf {shadows}
rCorr    +         Rampage  .   s - +0 pair of gloves
Will     .....                  (no boots)
Stlth    ++........             (no amulet)
HPRegen  0.00/turn              w - ring "Sonaeg" {Int+6 Dex+6}
MPRegen  0.12/turn              j - ring of resist corrosion

@: mighty, very slightly contaminated, wreathed by umbra, invisible
A: claws 1, cold resistance 1, negative energy resistance 3, inhibited
regeneration, torment resistance, unbreathing
a: Renounce Religion, Shadow Step


You were in a bailey.
You worshipped Dithmenos.
Dithmenos was greatly pleased with you.
You visited 2 branches of the dungeon, and saw 10 of its levels.
You also visited: Bailey.

You collected 448 gold pieces.
You spent 225 gold pieces at shops.

Inventory:

Hand Weapons
 a - a +0 scimitar
 b - a +2 dagger of draining (weapon)
 d - a cursed +1 long sword of freezing
 f - a cursed +2 short sword
 o - a +1 dagger of flaming
Armour
 c - a +1 helmet (worn)
 q - the +3 scale mail of the Sky (worn) {rF++ rC+ Regen+ Int-5}
   (You bought it in a shop on level 5 of the Dungeon)

   It affects your intelligence (-5).
   It greatly protects you from fire.
   It protects you from cold.
   It increases your rate of regeneration.
 r - a scarf of shadows (worn)
 s - a +0 pair of gloves (worn)
 t - the +2 ring mail of the Land of Plenty {Int+8}
   (You found it on level 6 of the Dungeon)

   It affects your intelligence (+8).
Jewellery
 j - a ring of resist corrosion (right hand)
 k - an uncursed ring of fire
 w - the ring "Sonaeg" (left hand) {Int+6 Dex+6}
   (You acquired it in a bailey)

   [ring of intelligence]

   It affects your intelligence (+6).
   It affects your dexterity (+6).
Wands
 u - a wand of paralysis (10)
 v - a wand of disintegration (8)
Scrolls
 g - 9 scrolls of remove curse
 m - a scroll of fog
 p - 4 scrolls of teleportation
Potions
 h - 3 potions of brilliance {unknown}
 i - a potion of haste
 l - 5 potions of curing
 n - 2 potions of cancellation
 z - 3 potions of heal wounds


   Skills:
 + Level 7.5 Fighting
 * Level 8.9 Long Blades
 - Level 1.7 Throwing
 * Level 8.5 Armour
 * Level 7.0 Dodging
 + Level 3.0 Stealth
 + Level 2.5 Invocations
 + Level 2.2 Evocations


You had 10 spell levels left.
You didn't know any spells.
Your spell library was empty.

Dungeon Overview and Level Annotations

Branches:
Dungeon (9/15)             Temple (1/1) D:5            Lair (0/6) D:9
 Bailey (1/1)
    Orc: D:9-12

Altars:
Ashenzari
Cheibriados
Dithmenos
Elyvilon
Fedhas
Gozag
Hepliaklqana
Makhleb
Nemelex Xobeh
Okawaru
Qazlal
Ru
Sif Muna
Trog
Uskayaw
Vehumet
Wu Jian
Xom
Yredelemnul
Zin
The Shining One

Shops:
D:5 [


Innate Abilities, Weirdness & Mutations

You thrive by killing the living.
You are immune to poison.
You have sharp fingernails.
Your flesh is cold resistant. (rC+)
You are immune to negative energy. (rN+++)
You do not regenerate when monsters are visible.
You are immune to unholy pain and torment.
You can survive without breathing.


Message History

Things that are here:
a +0 halberd; an orc corpse You hit the orc warrior.
The orc warrior is lightly wounded.
The orc closely misses you.
The orc knight hits you but does no damage.
You fade into invisibility!
The orc closely misses you. The orc misses you.
The orc hits you but does no damage. The orc completely misses you.
The orc closely misses you.
You are very lightly contaminated with residual magic.
You feel very mighty all of a sudden.
The orc knight hits you from afar with a +0 glaive!!
* * * LOW HITPOINT WARNING * * *
The orc hits you but does no damage.
The orc warrior hits you with a cursed -1 bardiche!!
* * * LOW HITPOINT WARNING * * *
The orc closely misses you. The orc misses you. The orc completely misses you.
The orc hits you from afar with a +0 trident.
You die...

####### #######
##.....#########.....##
+......o#.....#.......###
+......oo)....'.......#..
+.....o.@.....'.......'))
+.....o.o)....'.......#.)
+.....oo#.....#.......###
##.....#########.....##
####### #######


You could see an orc knight, an orc warrior (strong) and 6 orcs.

Vanquished Creatures
  An unseen horror (D:8)
  A kobold demonologist (D:7)
  A troll (D:9)
  A hornet (D:6)
  10 yaks
  A water moccasin (D:8)
  4 phantoms
  A black bear (D:9)
  2 ice beasts
  9 orc warriors
  2 sky beasts
  5 ogres
  A centaur (D:8)
  A big kobold (D:7)
  7 bullfrogs
  6 scorpions
  A wyvern skeleton (D:8)
  A water moccasin skeleton (D:5)
  8 wights
  2 howler monkeys
  3 jellies
  A centaur skeleton (D:8)
  4 hounds
  3 orc priests
  A bullfrog skeleton (D:5)
  14 orc wizards
  5 iguanas
  3 worker ants
  A hound zombie (D:5)
  A mummy (D:4)
  A worker ant zombie (D:6)
  7 adders
  A gnoll (D:9)
  A shadow imp (D:6)
  3 white imps
  3 ufetubi
  2 oozes
  5 adder skeletons
  An adder zombie (D:5)
  2 worms
  2 dart slugs
  6 leopard geckos (D:6)
  70 orcs
  8 giant cockroaches
  4 goblins
  2 hobgoblins
  10 jackals
  6 kobolds
  7 quokkas
  2 ball pythons
  8 bats
  5 frilled lizards
  A quokka zombie (D:5)
  4 rats
262 creatures vanquished.

Vanquished Creatures (others)
  9 plants (D:6)
9 creatures vanquished.

Grand Total: 271 creatures vanquished

Notes
Turn   | Place    | Note
-------+----------+-------------------------------------------
     0 | D:1      | Borgoz the Ghoul Gladiator began the quest for the Orb.
     0 | D:1      | Reached XP level 1. HP: 17/17 MP: 0/0
   255 | D:1      | Reached XP level 2. HP: 24/24 MP: 1/1
   286 | D:1      | Reached skill level 1 in Armour
   899 | D:2      | Reached XP level 3. HP: 30/30 MP: 2/2
  1302 | D:2      | Found a sacrificial altar of Ru.
  1530 | D:3      | Reached XP level 4. HP: 37/37 MP: 3/3
  1741 | D:3      | Found a shadowy altar of Dithmenos.
  2551 | D:4      | Noticed an ogre
  2901 | D:4      | Reached XP level 5. HP: 33/45 MP: 4/4
  2914 | D:4      | Killed an ogre
  2923 | D:4      | Reached XP level 6. HP: 42/51 MP: 5/5
  2962 | D:4      | Found a glowing silver altar of Zin.
  3113 | D:4      | Found a shimmering blue altar of Sif Muna.
  3579 | D:4      | Found a bloodstained altar of Trog.
  3660 | D:5      | Entered Level 5 of the Dungeon
  3669 | D:5      | Noticed a phantom
  3731 | D:5      | Killed a phantom
  3785 | D:5      | Reached XP level 7. HP: 43/58 MP: 6/6
  4081 | D:5      | Found a staircase to the Ecumenical Temple.
  4117 | D:5      | Reached skill level 5 in Long Blades
  4247 | Temple   | Entered the Ecumenical Temple
  4431 | D:3      | Became a worshipper of Dithmenos the Shadowed
  4561 | D:5      | Found Beotepn's Antique Armour Emporium.
  4794 | D:5      | Reached XP level 8. HP: 67/67 MP: 7/7
  5280 | D:6      | Reached skill level 5 in Armour
  5635 | D:6      | Reached skill level 5 in Fighting
  5749 | D:6      | Reached * piety under Dithmenos
  5964 | D:6      | Noticed a hornet
  5993 | D:6      | Killed a hornet
  5994 | D:6      | Reached XP level 9. HP: 40/74 MP: 8/8
  6259 | D:6      | Reached skill level 5 in Dodging
  6764 | D:6      | Got a masterwork ring mail
  6775 | D:6      | Identified the +2 ring mail of the Land of Plenty {Int+8}
                  | (You found it on level 6 of the Dungeon)
  6802 | D:5      | Bought a crude scale mail for 225 gold pieces
  6812 | D:5      | Identified the +3 scale mail of the Sky {rF++ rC+ Regen+
                  | Int-5} (You bought it in a shop on level 5 of the Dungeon)
  6812 | D:5      | Lost intelligence.
  7577 | D:7      | Noticed a kobold demonologist
  7597 | D:7      | Killed a kobold demonologist
  7629 | D:7      | Reached XP level 10. HP: 35/84 MP: 9/9
  8026 | D:7      | Reached ** piety under Dithmenos
  8568 | D:7      | Found an opulent altar of Gozag.
  8569 | D:7      | Found an iron altar of Okawaru.
  9076 | D:8      | Found a radiant altar of Vehumet.
  9241 | D:8      | Killed an unseen horror
  9242 | D:8      | Reached skill level 1 in Stealth
  9242 | D:8      | Reached skill level 1 in Invocations
  9505 | D:8      | Found a radiant altar of Vehumet.
  9665 | D:8      | Reached skill level 1 in Evocations
 10066 | D:8      | Found an ornate altar of the Wu Jian Council.
 10066 | D:8      | Found a burning altar of Makhleb.
 10114 | D:8      | Reached *** piety under Dithmenos
 10802 | D:9      | Found a staircase to the Lair.
 10802 | D:9      | Noticed an elephant
 11029 | D:9      | Reached XP level 11. HP: 59/92 MP: 11/11
 11099 | D:9      | Found a flagged portal.
 11201 | D:9      | Lost intelligence.
 11277 | Bailey   | Entered a bailey
 11405 | Bailey   | Reached **** piety under Dithmenos
 11580 | Bailey   | Identified a scroll of acquirement
 11580 | Bailey   | Acquired the ring "Sonaeg" {Int+6 Dex+6}
 11633 | Bailey   | Noticed an orc knight
 11652 | Bailey   | HP: 3/92 [orc warrior/cursed -1 bardiche (21)]
 11652 | Bailey   | Slain by an orc

Illustrated notes

Levels and vault maps discovered:
D:1:      psy_arrival_radial02, layout_basic
D:2:      layout_basic, nicolae_ru_sacrificial_ziggurat
D:3:      layout_basic, overflow_temple_1_default, bh_walls_and_bars
D:4:      layout_loops_ring, kennysheep_little_box, lemuel_round_altar,
          gup_ossuary_entry_pyramid, led_sif_pool
D:5:      minmay_skewed_foursquare, layout_basic, minmay_temple_entry_trees,
          serial_shops, shop
D:6:      layout_basic, minmay_lizard_king
D:7:      layout_basic, gammafunk_temple_overflow_pools, grunt_ministairs_14
D:8:      layout_layer_cave, gammafunk_temple_overflow_statue,
          hangedman_feature_mirror
D:9:      layout_roguey, general_overflow_altar, david_lair_generic,
          serial_shops, shop, lightli_bailey_entry_fortress,
          minmay_fractal_squares_5
Temple:   eino_temple_lava
Bailey:   bailey_polearm_5, bailey

Skill      XL: |  1  2  3  4  5  6  7  8  9 10 11 |
---------------+----------------------------------+-----
Long Blades    | 3 4 5 6 7 8 |  8.9
Armour         | 1 2 3 4 5 7 8 |  8.5
Dodging        | 3 4 5 6 7 |  7.0
Fighting       | 3 4 5 6 7 |  7.5
Stealth        | 2 3 |  3.0
Invocations    | 2 |  2.5
Evocations     | 1 2 |  2.2
Throwing       | |  1.7

Action                   |  1- 3 |  4- 6 |  7- 9 | 10-12 || total
-------------------------+-------+-------+-------+-------++-------
Melee: Long sword        |    33 |       |       |       ||    33
       Dagger            |    37 |   208 |   710 |   770 ||  1725
       Scimitar          |       |       |       |    21 ||    21
Throw: Throwing net      |       |     2 |     3 |       ||     5
Evoke: Wand              |       |       |       |     6 ||     6
  Use: Scroll            |     3 |     6 |     6 |     3 ||    18
       Potion            |       |       |       |     7 ||     7
 Stab: Held in net/web   |       |       |     3 |       ||     3
       Invisible         |       |       |       |     3 ||     3
       Distracted        |       |       |       |     1 ||     1
       Sleeping          |       |       |       |     1 ||     1
Armor: Leather armour    |    19 |       |       |       ||    19
       Ring mail         |     7 |    70 |   212 |   241 ||   530
       Scale mail        |       |       |       |     7 ||     7
Dodge: Dodged            |    57 |    89 |   346 |   577 ||  1069
       Rpst.: Long sword |     8 |       |       |       ||     8
       Scimitar          |       |       |       |     6 ||     6
